 Dungeon Crawl Stone Soup version 0.21-a0-91-ga5031da (console) character file.

15579 removed the Agent of Entropy (level 12, 0/93 HPs)
             Began as a Demonspawn Necromancer on June 29, 2017.
             Was a Priest of Lugonu.
             Slain by a white ugly thing (32 damage)
             ... on level 11 of the Dungeon.
             The game lasted 00:46:48 (16075 turns).

removed the Agent of Entropy (DsNe)                Turns: 16075, Time: 00:46:54

Health: 0/93       AC:  7    Str:  9    XL:     12   Next: 2%
Magic:  6/20       EV: 21    Int: 20    God:    Lugonu [***...]
Gold:   422        SH:  0    Dex: 15    Spells: 14/21 levels left

rFire    . . .     SeeInvis .   a - +3 spear (venom)
rCold    . . .     Gourm    .   (no shield)
rNeg     . . .     Faith    .   z - +0 robe {Archmagi}
rPois    .         Spirit   .   (helmet restricted)
rElec    .         Reflect  .   Z - +0 cloak
rCorr    .         Harm     .   (no gloves)
MR       .....                  W - +0 pair of boots
Stlth    ++++......             h - amulet of magic regeneration
HPRegen  1.25/turn              I - +3 ring of evasion
MPRegen  0.42/turn              i - +2 ring of evasion

@: regenerating
A: antennae 2, molten scales 2, nightstalker 2, spiny 2
a: Depart the Abyss, Bend Space, Banish, Renounce Religion


You were on level 11 of the Dungeon.
You worshipped Lugonu.
Lugonu was most pleased with you.
You were not hungry.

You visited 2 branches of the dungeon, and saw 12 of its levels.

You collected 470 gold pieces.
You spent 48 gold pieces at shops.

Inventory:

Hand Weapons
 a - a +3 spear of venom (weapon)
 b - a +0 trident
 j - a +0 short sword
 q - a -3 flail
 E - a +2 spear of freezing
 Q - a +2 vampiric whip
 Y - a +1 short sword of draining
Missiles
 F - 4 throwing nets (quivered)
Armour
 z - a +0 robe of the Archmagi (worn)
 U - a +1 robe of magic resistance
 W - a +0 pair of boots (worn)
 Z - a +0 cloak (worn)
Magical Staves
 y - an uncursed staff of earth
Jewellery
 h - an amulet of magic regeneration (around neck)
 i - a +2 ring of evasion (right hand)
 x - an uncursed ring of positive energy
 I - a +3 ring of evasion (left hand)
Wands
 u - a wand of scattershot (0/9)
 H - a wand of polymorph (11/24)
 T - a wand of flame (0/48)
 V - a wand of polymorph (11/24)
Scrolls
 f - 3 scrolls of teleportation
 p - a scroll of acquirement {unknown}
 r - a scroll of amnesia
 A - 2 scrolls of fog
 B - a scroll of random uselessness
 J - a scroll of recharging
 L - 2 scrolls of remove curse
 N - a scroll of enchant weapon
 S - a scroll of magic mapping
Potions
 e - 2 potions of brilliance
 k - a potion of flight
 l - a potion of cancellation {unknown}
 m - a potion of lignification {unknown}
 n - 4 potions of curing
 s - 3 potions of degeneration {unknown}
 t - a potion of berserk rage
 v - a potion of mutation {unknown}
 D - a potion of resistance {unknown}
 M - 2 potions of might
 P - 4 potions of haste
 R - 4 potions of agility
 X - a potion of ambrosia {unknown}
Books
 o - a book of Changes

   Spells                             Type                      Level
   a - Beastly Appendage              Transmutation                1
   b - Sticks to Snakes               Transmutation                2
   c - Spider Form                    Transmutation/Poison         3
   d - Ice Form                       Ice/Transmutation            4
   e - Blade Hands                    Transmutation                5
 w - a book of Necromancy

   Spells                             Type                      Level
   a - Pain                           Necromancy                   1
   b - Animate Skeleton               Necromancy                   1
   c - Vampiric Draining              Necromancy                   3
   d - Regeneration                   Charms/Necromancy            3
   e - Animate Dead                   Necromancy                   4
   f - Control Undead                 Necromancy                   4
Comestibles
 c - 6 bread rations
 C - 5 royal jellies
 G - 5 meat rations
 K - 4 fruits
 O - 7 chunks of flesh


   Skills:
 - Level 8.2 Fighting
 * Level 10.3 Polearms
 - Level 6.0 Dodging
 - Level 1.7 Stealth
 - Level 5.0 Spellcasting
 + Level 3.9 Charms
 - Level 8.0 Necromancy
 - Level 11.0 Invocations


You had 14 spell levels left.
You knew the following spells:

 Your Spells              Type           Power        Failure   Level  Hunger
a - Pain                  Necr           ####         1%          1    None
b - Vampiric Draining     Necr           ######....   1%          3    ##.....
e - Regeneration          Chrm/Necr      #####.....   3%          3    ##.....


Dungeon Overview and Level Annotations

Branches:
Dungeon (11/15)            Temple (1/1) D:4            Lair (0/6) D:9
    Orc (0/2) D:11

Altars:
Ashenzari
Cheibriados
Dithmenos
Elyvilon
Fedhas
Gozag
Hepliaklqana
Kikubaaqudgha
Makhleb
Nemelex Xobeh
Okawaru
Qazlal
Ru
Sif Muna
Trog
Uskayaw
Vehumet
Wu Jian
Xom
Yredelemnul
Zin
The Shining One
Lugonu

Shops:
D:9 =   D:11 ?

Annotations:
D:5 removed's ghost, novice HuWn
D:11 exclusion: hydra
Abyss:1 Urug


Innate Abilities, Weirdness & Mutations

You have a pair of antennae on your head.
You are mostly covered in molten scales. (AC +3)
You are significantly more attuned to the shadows.
You are mostly covered in sharp spines.


Message History

Aiming: Vampiric Draining
Press: ? - help, Shift-Dir - straight line, f/p - white ugly thing
Aim: a white ugly thing (heavily wounded)
You feel a surge of power!
The white ugly thing is severely wounded.
You feel life coursing into your body.
The white ugly thing tentacle-slaps you!
The white ugly thing freezes you!!
Casting: Vampiric Draining
Confirm with . or Enter, or press ? or * to list all spells.
Aiming: Vampiric Draining
Press: ? - help, Shift-Dir - straight line, f/p - white ugly thing
Aim: a white ugly thing (severely wounded)
You feel a surge of power!
The white ugly thing is severely wounded.
You feel life coursing into your body.
The white ugly thing is struck by your spines.
The white ugly thing tentacle-slaps you!
The white ugly thing freezes you!!
You die...

#################################
..........(.....@................
#################u...............
# #................ #
#....)...(....... #
#................
#################................
..................#######.#......
..................#8...8#)#......
...[.##############.....#)#......


You could see a white ugly thing.

Vanquished Creatures
  2 two-headed ogres
  2 centaur warriors
  An unseen horror (D:11)
  2 ugly things (D:11)
  Joseph (D:7)
  Psyche (D:11)
  A merfolk (D:10)
  3 trolls
  A hornet (D:11)
  A hippogriff (D:10)
  A wyvern (D:8)
  A wraith (D:10)
  8 yaks
  A basilisk (D:7)
  The ghost of sagitran the Insei, an amateur GnWn of Dithmenos (D:4)
  3 wargs (D:9)
  A water moccasin (D:6)
  5 phantoms
  A sky beast (D:8)
  7 orc warriors
  A hornet zombie (D:8)
  2 black bears
  2 ice beasts
  8 ogres
  5 centaurs
  6 big kobolds
  7 bullfrogs
  4 gnoll sergeants (D:11)
  A wyvern zombie (D:10)
  3 scorpions
  2 water moccasin skeletons
  7 killer bees
  5 wights (D:6)
  An electric eel (D:6)
  3 howler monkeys
  A crimson imp (D:10)
  2 bullfrog zombies
  A quasit (D:11)
  5 orc priests
  Crazy Yiuf (D:7)
  2 gnoll shamans (D:3)
  7 jellies
  4 hounds
  9 orc wizards
  4 iguanas
  12 worker ants
  A hound zombie (D:9)
  A worker ant zombie (D:7)
  44 gnolls
  A howler monkey skeleton (D:5)
  10 adders
  4 oozes
  3 adder skeletons
  4 adder zombies
  2 worms
  5 dart slugs
  5 leopard geckos
  31 orcs
  5 bats
  5 giant cockroaches
  11 hobgoblins
  31 jackals
  15 kobolds
  5 quokkas
  A ball python (D:4)
  6 frilled lizards
  11 goblins
  A quokka skeleton (D:5)
  A quokka zombie (D:9)
  8 rats
360 creatures vanquished.

Vanquished Creatures (others)
  A death knight (D:10)
  A phantasmal warrior (D:11)
  A freezing wraith (D:11)
3 creatures vanquished.

Grand Total: 363 creatures vanquished

Notes
Turn   | Place    | Note
-------+----------+-------------------------------------------
     0 | D:1      | removed the Demonspawn Necromancer began the quest for the Orb.
     0 | D:1      | Reached XP level 1. HP: 13/13 MP: 3/3
   463 | D:1      | Gained mutation: You have a pair of small antennae on your head. [demonic ancestry]
   463 | D:1      | Reached XP level 2. HP: 18/19 MP: 1/5
   553 | D:1      | Reached skill level 5 in Necromancy
  1016 | D:1      | Reached XP level 3. HP: 18/24 MP: 0/6
  1474 | D:1      | Learned a level 3 spell: Vampiric Draining
  2126 | D:2      | Found a hazy altar of Hepliaklqana.
  2318 | D:2      | Gained mutation: You are partially covered in sharp spines. [demonic ancestry]
  2318 | D:2      | Reached XP level 4. HP: 25/30 MP: 0/7
  2817 | D:3      | Found a sparkling altar of Nemelex Xobeh.
  3202 | D:3      | Gained mutation: You are partially covered in molten scales. (AC +2) [demonic ancestry]
  3202 | D:3      | Reached XP level 5. HP: 25/35 MP: 0/8
  3604 | D:3      | Found a shadowy altar of Dithmenos.
  4126 | D:3      | Noticed an ogre
  4339 | D:3      | Learned a level 3 spell: Regeneration
  4372 | D:3      | Gained mutation: You are slightly more attuned to the shadows. [demonic ancestry]
  4372 | D:3      | Reached XP level 6. HP: 34/41 MP: 0/9
  4997 | D:3      | Gained mutation: You are mostly covered in molten scales. (AC +3) [demonic ancestry]
  4997 | D:3      | Reached XP level 7. HP: 25/46 MP: 4/13
  5496 | D:3      | Reached skill level 5 in Spellcasting
  5709 | D:4      | Noticed sagitran's ghost (amateur GnWn)
  6003 | D:4      | Killed sagitran's ghost
  6511 | D:4      | Found a staircase to the Ecumenical Temple.
  6519 | Temple   | Entered the Ecumenical Temple
  6549 | Temple   | Became a worshipper of Lugonu the Unformed
  6549 | Temple   | Reached * piety under Lugonu
  6621 | D:4      | Found a deep blue altar of Sif Muna.
  6701 | D:4      | Gained mutation: You have a pair of antennae on your head. [demonic ancestry]
  6701 | D:4      | Reached XP level 8. HP: 54/60 MP: 10/15
  6917 | D:5      | Entered Level 5 of the Dungeon
  7059 | D:5      | Noticed removed's ghost (novice HuWn)
  8079 | D:6      | Found a bloodstained altar of Trog.
  8239 | D:6      | Reached ** piety under Lugonu
  8487 | D:6      | Reached skill level 5 in Dodging
  8607 | D:6      | Reached skill level 2 in Invocations
  8816 | D:6      | Reached skill level 3 in Invocations
  8841 | D:6      | Reached skill level 4 in Invocations
  8854 | D:6      | Reached skill level 5 in Invocations
  8980 | D:7      | Reached skill level 6 in Invocations
  9060 | D:7      | Reached skill level 7 in Invocations
  9060 | D:7      | Reached XP level 9. HP: 35/65 MP: 4/16
  9387 | D:7      | Reached skill level 8 in Invocations
  9596 | D:7      | Reached skill level 5 in Fighting
  9649 | D:7      | Reached skill level 1 in Polearms
  9708 | D:7      | Noticed a centaur warrior
  9767 | D:7      | Found a runed door.
  9850 | D:7      | Killed a centaur warrior
  9850 | D:7      | Reached skill level 5 in Polearms
  9955 | D:7      | Noticed Joseph
  9975 | D:7      | Killed Joseph
 10259 | D:7      | Gained mutation: You are mostly covered in sharp spines. [demonic ancestry]
 10259 | D:7      | Reached XP level 10. HP: 73/74 MP: 17/17
 10302 | D:7      | Reached *** piety under Lugonu
 10576 | D:7      | Noticed Crazy Yiuf
 10581 | D:7      | Killed Crazy Yiuf
 10619 | D:8      | Noticed a two-headed ogre
 10664 | D:8      | Found a burning altar of Makhleb.
 10862 | D:8      | Found a shattered altar of Ashenzari.
 10908 | D:8      | Killed a two-headed ogre
 11504 | D:9      | Found Gacexoub's Jewellery Shoppe.
 11504 | D:9      | Found an iron altar of Okawaru.
 11570 | D:9      | Reached **** piety under Lugonu
 11749 | D:9      | Found a staircase to the Lair.
 11991 | D:9      | Noticed a two-headed ogre
 11996 | D:9      | Killed a two-headed ogre
 11996 | D:9      | Reached skill level 10 in Polearms
 12227 | D:9      | Found a stormy altar of Qazlal.
 12231 | D:9      | Found an opulent altar of Gozag.
 12233 | D:9      | Found a basalt altar of Yredelemnul.
 12235 | D:9      | Found an ancient bone altar of Kikubaaqudgha.
 12239 | D:9      | Found a sacrificial altar of Ru.
 12594 | D:10     | Entered Level 10 of the Dungeon
 12622 | D:10     | Reached XP level 11. HP: 78/80 MP: 13/18
 13721 | D:11     | Reached skill level 9 in Invocations
 13861 | D:11     | Found Siudew's Magic Scroll Shop.
 13868 | D:11     | Bought a scroll of remove curse for 48 gold pieces
 13962 | D:11     | Noticed a green ugly thing
 13976 | D:11     | Killed a white ugly thing
 13976 | D:11     | Reached skill level 10 in Invocations
 14160 | D:11     | Noticed a death knight
 14163 | D:11     | Noticed a phantasmal warrior
 14391 | D:10     | Banished a death knight
 14592 | D:11     | Noticed a red ugly thing
 14607 | D:11     | Killed a red ugly thing
 14850 | D:11     | Reached skill level 11 in Invocations
 15052 | D:11     | Noticed a centaur warrior
 15059 | D:11     | Killed a centaur warrior
 15177 | D:11     | Banished a phantasmal warrior
 15406 | D:11     | Noticed a seven-headed hydra
 15425 | D:11     | Found a shimmering altar of Xom.
 15493 | D:11     | Noticed a phantasmal warrior
 15649 | D:11     | Killed an unseen horror
 15726 | D:11     | Found a staircase to the Orcish Mines.
 15796 | D:11     | Reached skill level 1 in Charms
 15980 | D:11     | Noticed Psyche
 15987 | D:11     | Killed Psyche
 16031 | D:11     | Noticed Urug
 16046 | D:11     | Banished Urug
 16046 | D:11     | Gained mutation: You are significantly more attuned to the shadows. [demonic ancestry]
 16046 | D:11     | Reached XP level 12. HP: 35/93 MP: 18/20
 16075 | D:11     | Slain by a white ugly thing

Vault maps used:
D:1:      noname_arrival_rooms_in_the_neighbourhood
D:2:      old_standard_altar
D:3:      lemuel_castle_with_subvaults, nemelex_xobeh_ov_fountains_minmay,
          grunt_dithmenos_smoke_and_mirrors, first_bread
D:4:      led_sif_book, minmay_temple_entry_poolview, st_stairs_1
D:6:      lightli_temple_of_fire, serial_bayou_ford_a
D:7:      cheibrodos_fzero, uniq_joseph, uniq_crazy_yiuf_cottage
D:8:      black_bear_nest_1, lemuel_crystal_altar, kennysheep_little_box
D:9:      kennysheep_okawaru_gauntlet, chequers_temple_overflow_minitemple,
          erik_lair_orcish_takeover, serial_shops, shop_fountains
D:10:     hangedman_stone_soup, minmay_misc_feat_diagonals
D:11:     kennysheep_orc_monster_closet_entryway, serial_shops,
          nicolae_shop_stone, basic_altar, uniq_psyche, uniq_urug
Temple:   corrupted_temple

Skill      XL: |  1  2  3  4  5  6  7  8  9 10 11 |
---------------+----------------------------------+-----
Necromancy     | 5 6 7 8 |  8.0
Spellcasting   | 4 5 |  5.0
Fighting       | 4 5 8 |  8.2
Dodging        | 2 5 6 |  6.0
Invocations    | 7 8 11 | 11.0
Polearms       | 6 10 | 10.3
Charms         | 3 |  3.9
Stealth        | |  1.7

Action                   |  1- 3 |  4- 6 |  7- 9 | 10-12 || total
-------------------------+-------+-------+-------+-------++-------
Melee: Short sword       |     1 |       |       |       ||     1
       Spear             |       |       |   172 |   655 ||   827
       Flail             |       |       |     1 |       ||     1
 Cast: Pain              |    92 |   171 |   179 |    74 ||   516
       Regeneration      |       |       |     8 |    32 ||    40
       Vampiric Draining |       |       |    17 |    33 ||    50
Invok: Banish            |       |       |       |    16 ||    16
Evoke: Wand              |       |     1 |    22 |    12 ||    35
  Use: Scroll            |       |     4 |     8 |     8 ||    20
 Stab: Sleeping          |       |       |     3 |     6 ||     9
       Confused          |       |       |     3 |       ||     3
       Distracted        |       |       |       |     2 ||     2
  Eat: Chunk             |     6 |    12 |    18 |    23 ||    59
       Bread ration      |       |       |       |     1 ||     1
       Fruit             |       |       |       |     1 ||     1
Armor: Robe              |     3 |       |    31 |    67 ||   101
       Leather armour    |       |    13 |       |       ||    13
Dodge: Dodged            |     4 |    31 |   136 |   314 ||   485
